 Dungeon Crawl Stone Soup version 0.19.1-1-g22dce08 (webtiles) character file.

247 Alarkh the Chopper (level 5, -4/45 HPs)
             Began as a Draconian Monk on Jan 4, 2017.
             Slain by Pikel
             ... wielding a +0 whip of flaming
              (5 damage)
             ... on level 4 of the Dungeon.
             The game lasted 00:05:52 (3887 turns).

Alarkh the Chopper (Draconian Monk)                 Turns: 3887, Time: 00:05:53

Health: -4/45      AC:  5    Str: 11 (13) XL:     5   Next: 85%
Magic:  5/5        EV: 13    Int: 11 (13) God:
Gold:   166        SH:  0    Dex: 14      Spells: 0 memorised, 4 levels left

rFire  . . .     SeeInvis .     a - +0 hand axe
rCold  . . .     Gourm    .     (armour unavailable)
rNeg   . . .     Faith    .     (no shield)
rPois  .         Spirit   .     (helmet restricted)
rElec  .         Reflect  .     (no cloak)
rCorr  .         Harm     .     (no gloves)
MR     .....                    (no boots)
Stlth  ++........               (no amulet)
                                (no ring)
                                (no ring)

@: no status effects
A: unfitting armour, clever 1, deterioration 1, screaming 1, cold-blooded, AC +5
a: no special abilities


You were on level 4 of the Dungeon.
You were very hungry.

You visited 1 branch of the dungeon, and saw 5 of its levels.

You collected 166 gold pieces.

Inventory:

Hand Weapons
 a - a +0 hand axe (weapon)
Scrolls
 c - a scroll of amnesia
 e - a scroll of identify
 g - a scroll of fog {unknown}
 h - 4 scrolls of remove curse
 i - a scroll of immolation
 k - a scroll of enchant weapon {unknown}
 m - a scroll of teleportation {unknown}
 q - a scroll of magic mapping {unknown}
 s - 2 scrolls of enchant armour {unknown}
 u - a scroll of recharging {unknown}
 y - a scroll of random uselessness {unknown}
Potions
 d - a potion of flight
 o - a potion of degeneration
Comestibles
 b - 4 bread rations
 n - 2 fruits
 x - a slice of pizza


   Skills:
 - Level 3.2 Fighting
 + Level 6.6 Axes
 - Level 2.6 Dodging
 - Level 1.7 Stealth


You had 4 spell levels left.
You didn't know any spells.

Dungeon Overview and Level Annotations

Branches:
Dungeon (5/15)
 Temple: D:4-7

Altars:
Cheibriados
The Shining One

Annotations:
D:4 Grinder, Pikel


Innate Abilities, Weirdness & Mutations

Your plain brown scales are hard. (AC +5)
You cannot fit into any form of body armour.
You are cold-blooded and may be slowed by cold attacks.
Your mind is acute. (Int +2)
Your body sometimes deteriorates upon taking damage.
You occasionally shout uncontrollably at your foes.


Message History

Pikel hits you but does no damage.
You hit Pikel. You tail-slap Pikel, but do no damage.
Pikel is heavily wounded.
Pikel completely misses you.
You barely miss Pikel. You tail-slap Pikel, but do no damage.
Pikel is heavily wounded.
Pikel hits you but does no damage.
You hit Pikel.
Pikel is heavily wounded.
Pikel hits you with a whip of flaming.
* * * LOW HITPOINT WARNING * * *
Pikel burns you.
* * * LOW HITPOINT WARNING * * *
You hit Pikel but do no damage.
Pikel is heavily wounded.
Pikel hits you with a whip of flaming!
* * * LOW HITPOINT WARNING * * *
Your body deteriorates!
You feel dopey. Pikel burns you.
You die...

# .##.. .....#
.#..p#
...#p#######
#..........# ##
#.##K.####.# #.#+
##.##...#.#@#
#..###..##...#pK.#
##...p..##...#p###
......#....#>..#
#..##.######.####
......#.........##
..#####.#####....#
.. #.# #p..<.# ..
#.# #.#.#.#


You could see Pikel and 2 slaves.

Vanquished Creatures
  An orc priest (D:3)
  Robin (D:3)
  4 gnolls (D:3)
  7 adders
  2 worms (D:2)
  2 dart slugs
  4 leopard geckos
  8 orcs
  10 bats
  3 giant cockroaches
  13 goblins
  11 hobgoblins
  6 jackals
  4 kobolds
  2 frilled lizards
  4 rats
82 creatures vanquished.

Notes
Turn   | Place    | Note
-------+----------+-------------------------------------------
     0 | D:1      | Alarkh the Draconian Monk began the quest for the Orb.
     0 | D:1      | Reached XP level 1. HP: 19/19 MP: 1/1
   256 | D:1      | Reached XP level 2. HP: 8/26 MP: 2/2
   607 | D:1      | Reached skill level 4 in Axes
   798 | D:1      | Reached XP level 3. HP: 31/31 MP: 3/3
  1532 | D:3      | Reached XP level 4. HP: 37/38 MP: 4/4
  1547 | D:3      | Noticed Robin
  1561 | D:3      | Reached skill level 5 in Axes
  1568 | D:3      | Killed Robin
  1732 | D:3      | Reached XP level 5. HP: 44/45 MP: 5/5
  1734 | D:3      | Reached skill level 6 in Axes
  2524 | D:4      | Found a snail-covered altar of Cheibriados.
  2525 | D:4      | Found a glowing golden altar of the Shining One.
  2563 | D:4      | Noticed Grinder
  2791 | D:3      | Gained mutation: You occasionally shout uncontrollably at your foes. [potion of mutation]
  2791 | D:3      | Gained mutation: Your mind is acute. (Int +2) [potion of mutation]
  2791 | D:3      | Gained mutation: Your body sometimes deteriorates upon taking damage. [potion of mutation]
  2796 | D:4      | Paralysed by Grinder for 2 turns
  2974 | D:5      | Entered Level 5 of the Dungeon
  2974 | D:5      | Noticed a phantom
  2988 | D:5      | Noticed an ice beast
  3329 | D:4      | Noticed a slave
  3330 | D:4      | Noticed Pikel
  3330 | D:4      | Noticed a slave
  3823 | D:4      | Noticed a slave
  3857 | D:4      | Noticed a slave
  3887 | D:4      | HP: 1/45 [Pikel/whip of flaming (10)]
  3887 | D:4      | Slain by Pikel

Skill      XL: |  1  2  3  4  5 |
---------------+----------------+-----
Axes           | 4 5 6 |  6.6
Fighting       | |  3.2
Dodging        | |  2.6
Stealth        | |  1.7

Action                   |  1- 3 |  4- 6 || total
-------------------------+-------+-------++-------
Melee: Hand axe          |   146 |   192 ||   338
       Tailslap          |    17 |    21 ||    38
  Use: Scroll            |     2 |     4 ||     6
       Potion            |       |    12 ||    12
 Stab: Sleeping          |     4 |     1 ||     5
  Eat: Chunk             |     2 |     4 ||     6
       Fruit             |       |     3 ||     3
Armor: Skin              |    43 |    59 ||   102
Dodge: Dodged            |   109 |   124 ||   233
